 Dungeon Crawl Stone Soup version 0.31-a0-865-g3d5d91748a (webtiles) character file.

Game seed: 6094213912242801428

423533 freelancePsychic the Cloud Mage (level 21, -7/191 (194) HPs)
             Began as a Demigod Fire Elementalist on Oct 10, 2023.
             Mangled by a vampire knight
             ... wielding a +1 battleaxe
              (13 damage)
             ... on level 15 of the Dungeon.
             The game lasted 01:59:38 (77301 turns).

freelancePsychic the Cloud Mage (DgFE)             Turns: 77301, Time: 01:59:38

HP:   -7/191 (194)  AC: 19    Str:  9    XL:     21   Next: 72%
MP:   21/48         EV: 20    Int: 47    God:
Gold: 4012          SH: 13    Dex: 12    Spells: 11/38 levels left

rFire   + + +        b - staff of the Neverending Tales {rElec rC+ Air}
rCold   + . .        G - +3 buckler
rNeg    . . .        z - +3 troll leather armour
rPois   +            e - +2 hat {Will+}
rElec   +            g - +2 cloak {Stlth+}
rCorr   +            h - +2 pair of gloves
SInv    .            p - +1 pair of boots "Nakhab" {Int+2 Stlth+}
Will    ++...        k - amulet "Vacicuok" {Reflect SH+5 Stlth+}
Stlth   ++           o - ring of Arrival {rPois rF+ Will- EV+5 Slay+2}
HPRegen 1.31/turn    S - ring "Evucsus" {rPois rF++ rCorr MP+9 Dex-2}
MPRegen 0.31/turn

%: reflection
@: contaminated, glowing, studying 2 skills, lightly drained
A: high MP 1, forlorn, divine attributes, mutation resistance 1
}: 2/15 runes: serpentine, barnacled
a: no special abilities


You were on level 15 of the Dungeon.
You visited 8 branches of the dungeon, and saw 39 of its levels.
You also visited: Gauntlet, Volcano and Desolation.

You collected 5854 gold pieces.
You spent 1842 gold pieces at shops.

Inventory:

Hand Weapons
 i - a +1 whip of electrocution
Missiles
 v - 3 throwing nets
 w - 5 curare-tipped darts
Armour
 e - a +2 hat of willpower (worn)
 g - a +2 cloak of stealth (worn)
 h - a +2 pair of gloves (worn)
 p - the +1 pair of boots "Nakhab" (worn) {Int+2 Stlth+}
   (You found it on level 3 of the Elven Halls)

   Int+2:     It affects your intelligence (+2).
   Stlth+:    It makes you more stealthy.
 z - a +3 troll leather armour (worn)
 G - a +3 buckler (worn)
Magical Staves
 b - the staff of the Neverending Tales (weapon) {rElec rC+ Air}
   (You found it on level 3 of the Elven Halls)

   [staff of air]

   Base accuracy: +5 Base damage: 5 Base attack delay: 1.2 This weapon's minimum
   attack delay (0.6) is reached at skill level 12.
   rC+:       It protects you from cold.
   rElec:     It insulates you from electricity.
   Air:       It increases the power of your Air spells.
   It falls into the 'Staves' category.
   It is a one-handed weapon.
Jewellery
 c - a ring of protection from fire
 k - the amulet "Vacicuok" (around neck) {Reflect SH+5 Stlth+}
   (You found it in the Desolation of Salt)

   [amulet of reflection]

   Reflect:   It reflects blocked missile attacks.
   SH+5:      It affects your SH (+5).
   Stlth+:    It makes you more stealthy.
 o - the ring of Arrival (left hand) {rPois rF+ Will- EV+5 Slay+2}
   (You took it off a salamander on level 3 of the Snake Pit)

   [ring of evasion]

   EV+5:      It affects your evasion (+5).
   Slay+2:    It affects your accuracy & damage with ranged weapons and melee
   (+2).
   rF+:       It protects you from fire.
   rPois:     It protects you from poison Will-: It decreases your willpower.
 S - the ring "Evucsus" (right hand) {rPois rF++ rCorr MP+9 Dex-2}
   (You found it in the Desolation of Salt)

   [ring of magical power]

   Dex-2:     It affects your dexterity (-2).
   rF++:      It greatly protects you from fire.
   rPois:     It protects you from poison MP+9: It affects your magic capacity
   (+9).
   rCorr:     It protects you from acid and corrosion.
Wands
 q - a wand of digging (13)
 s - a wand of iceblast (18)
 A - a wand of polymorph (20)
 B - a wand of mindburst (34)
 F - a wand of flame (73)
 J - a wand of paralysis (31)
 U - a wand of quicksilver (7)
Scrolls
 a - 4 scrolls of enchant weapon
 d - 4 scrolls of brand weapon
 f - 5 scrolls of vulnerability
 l - 8 scrolls of noise
 m - 3 scrolls of amnesia
 n - 4 scrolls of blinking
 r - 4 scrolls of poison
 u - 4 scrolls of revelation
 y - 12 scrolls of identify {@r1}
 C - a scroll of teleportation {@r4}
 K - 4 scrolls of fog
 M - a scroll of butterflies
 R - 8 scrolls of immolation
 V - 3 scrolls of silence
Potions
 j - 7 potions of might
 x - 2 potions of heal wounds {@q2}
 D - 2 potions of brilliance
 E - 2 potions of lignification
 I - 2 potions of magic
 N - 3 potions of curing {@q1}
 O - a potion of ambrosia
 P - 4 potions of enlightenment
 Q - 3 potions of berserk rage
 T - 3 potions of haste {@q3}
 W - a potion of cancellation
 X - 5 potions of mutation
 Y - a potion of invisibility
 Z - 5 potions of resistance
Miscellaneous
 t - a lightning rod (4/4)
 H - a tin of tremorstones (2/2)


   Skills:
 + Level 18.2 Fighting
 - Level 4.4 Staves
 + Level 12.4 Armour
 - Level 12.0 Dodging
 - Level 3.7 Stealth
 - Level 6.0 Shields
 - Level 9.0 Spellcasting
 + Level 13.2 Conjurations
 - Level 3.5 Hexes
 - Level 6.0 Transmutations
 - Level 13.0 Fire Magic
 + Level 22.1 Air Magic
 - Level 7.9 Evocations


You had 11 spell levels left.
You knew the following spells:

 Your Spells              Type           Power      Damage    Failure   Level
a - Foxfire               Conj/Fire      100%       2x1d9     0%          1
b - Scorch                Fire           100%       2d9       0%          2
d - Maxwell's Capacitive  Air            74%        ∞         1%          8
e - Arcjolt               Conj/Air       68%        1d78      1%          5
h - Irradiate             Conj/Tmut      42%        3d25      1%          5
i - Plasma Beam           Fire/Air       68%        2x1d84    1%          6

Your spell library contained the following spells:

 Spells                   Type           Power      Damage    Failure   Level
 Magic Dart               Conj           100%       1d8       0%          1
 Static Discharge         Conj/Air       100%       2-7/arc   0%          2
 Airstrike                Air            74%        2d(11-27) 0%          4
 Sting                    Tmut/Pois      100%       1d8       1%          1
 Cigotuvi's Dreadful Rot  Necr/Pois/Air  100%       N/A       1%          2
 Jinxbite                 Hex            100%       N/A       1%          2
 Wereblood                Tmut           67%        N/A       1%          2
 Dazzling Flash           Conj/Hex       100%       N/A       1%          3
 Hailstorm                Conj/Ice       70%        3d15      1%          3
 Ignite Poison            Fire/Tmut/Pois 69%        N/A       1%          3
 Inner Flame              Hex/Fire       78%        N/A       1%          3
 Mephitic Cloud           Conj/Pois/Air  100%       N/A       1%          3
 Tukima's Dance           Hex            53%        N/A       1%          3
 Volatile Blastmotes      Fire/Tloc      100%       2d18      1%          3
 Brom's Barrelling Bould  Conj/Erth      70%        2d8       1%          4
 Flame Wave               Conj/Fire      97%        2d20      1%          4
 Sticky Flame             Conj/Fire      97%        2d11      1%          4
 Summon Lightning Spire   Summ/Air       100%       N/A       1%          4
 Vhi's Electric Charge    Tloc/Air       100%       N/A       1%          4
 Freezing Cloud           Conj/Ice/Air   57%        6-21      1%          5
 Silence                  Hex/Air        59%        N/A       1%          5
 Conjure Ball Lightning   Conj/Air       68%        3x3d25    1%          6
 Starburst                Conj/Fire      48%        6d13      1%          6
 Apportation              Tloc           42%        N/A       2%          1
 Necrotise                Necr           84%        1d8       2%          1
 Summon Small Mammal      Summ           84%        N/A       2%          1
 Call Imp                 Summ           42%        N/A       3%          2
 Sublimation of Blood     Necr           21%        N/A       3%          2
 Summon Guardian Golem    Hex/Summ       37%        N/A       3%          3
 Call Canine Familiar     Summ           21%        N/A       6%          3
 Frozen Ramparts          Ice            42%        1d7       6%          3
 Gell's Gravitas          Tloc           21%        N/A       6%          3
 Ozocubu's Armour         Ice            21%        N/A       6%          3
 Teleport Other           Tloc           21%        N/A       6%          3
 Vampiric Draining        Necr           21%        2d7       6%          3
 Petrify                  Tmut/Erth      49%        N/A       6%          4
 Yara's Violent Unravell  Hex/Tmut       30%        3d13      9%          5
 Alistair's Intoxication  Tmut/Pois      32%        N/A       17%         5
 Olgreb's Toxic Radiance  Pois           21%        N/A       22%         4
 Passage of Golubria      Tloc           21%        N/A       22%         4
 Summon Ice Beast         Ice/Summ       21%        N/A       22%         4
 Metabolic Englaciation   Hex/Ice        18%        N/A       28%         5
 Agony                    Necr           21%        N/A       52%         5
 Borgnjor's Vile Clutch   Necr/Erth      10%        N/A       52%         5
 Summon Forest            Summ/Tloc      10%        N/A       52%         5
 Ignition                 Fire           48%        3d14      56%         8
 Eringya's Noxious Bog    Tmut/Pois      24%        4d6       67%         6
 Spellforged Servitor     Conj/Summ      35%        N/A       77%         7
 Chain Lightning          Conj/Air       68%        3d90      83%         9
 Dispersal                Tloc           10%        N/A       97%         6
 Simulacrum               Ice/Necr       10%        N/A       97%         6
 Malign Gateway           Summ/Tloc      10%        N/A       100%        7
 Ozocubu's Refrigeration  Ice            10%        4d9       100%        7
 Summon Hydra             Summ           10%        N/A       100%        7
 Discord                  Hex            26%        N/A       100%        8
 Disjunction              Tloc           10%        N/A       100%        8
 Lehudib's Crystal Spear  Conj/Erth      35%        10d9      100%        8
 Fire Storm               Conj/Fire      48%        8d12      100%        9
 Polar Vortex             Ice            10%        12d1*     100%        9
 Shatter                  Erth           10%        3d12*     100%        9


Dungeon Overview and Level Annotations

Branches:
Dungeon (15/15)            Temple (0/1) D:6            Lair (5/5) D:11
 Shoals (4/4) Lair:2        Snake (4/4) Lair:2        Slime (0/5) Lair:5
    Orc (2/2) D:12            Elf (3/3) Orc:2        Vaults (5/5) D:13
  Crypt (0/3) Vaults:2     Depths (1/4) D:15        Volcano (visited)
Desolation (visited)      Gauntlet (visited)

Shops:
D:12 (   D:15 *   Orc:2 (:=(([?[(   Snake:4 (   Vaults:1 [   Vaults:2 *
Vaults:4 [

Portals:
Abyss: Lair:5
Trove: Vaults:1 (give 16 scrolls of teleportation)

Annotations:
D:4 exclusion: downstairs
D:6 exclusion: door
D:13 exclusion: downstairs
D:14 3 runed translucent doors, DocEon's ghost, journeyman MiBe
Lair:1 exclusion: 3 oklob plants
Shoals:1 Roxanne
Shoals:3 exclusion: door
Orc:2 2 transporters
Elf:2 5 runed translucent doors


Innate Abilities, Weirdness & Mutations

You have an increased reservoir of magic. (+10% MP)
You shall have no god before yourself.
Your divine heritage dramatically boosts your attributes as you level up.
You are somewhat resistant to further mutation.


Message History

The hell knight hits you from afar with a +0 glaive of draining!
You feel drained.
Casting: Arcjolt (safe; 1% risk of failure)
Confirm with . or Enter, or press ? or * to list all spells.
You feel a surge of power!
Electricity surges outward!
Something is struck by an electric surge!!!
The hell knight is struck by an electric surge!!!
You kill the hell knight!
Something hits you!! Something bites you but does no damage.
The hell knight invokes the aid of its god against you.
The bolt of fire misses you. Something draws life force from you!!
You climb upwards.
Welcome back to the Dungeon!
Reactivating autopickup.
There is a staircase to the Depths here.
You start resting.
Deactivating autopickup; reactivate with Ctrl-A.
Something draws life force from you!!
* * * LOW HITPOINT WARNING * * *
Casting: Arcjolt (safe; 1% risk of failure)
Confirm with . or Enter, or press ? or * to list all spells.
You erupt in a fountain of uncontrolled magic!
Something is blasted with magical radiation!!
You are very lightly contaminated with residual magic.
Something draws life force from you!!
* * * LOW HITPOINT WARNING * * *
Casting: Irradiate (mildly dangerous; 1% risk of failure)
Confirm with . or Enter, or press ? or * to list all spells.
You erupt in a fountain of uncontrolled magic!
Something is blasted with magical radiation!
You are lightly contaminated with residual magic.
Something draws life force from you!!
* * * LOW HITPOINT WARNING * * *
Casting: Irradiate (mildly dangerous; 1% risk of failure)
Confirm with . or Enter, or press ? or * to list all spells.
You erupt in a fountain of uncontrolled magic!
Something is blasted with magical radiation!!
You are contaminated with residual magic.
Something hits you!
You die...

...# #### # ###### #### #....###
...# #.#[..<# .#.### #.#########
.....## #.###.....## ......#
#.##÷......##### ....#.###
#[#@{#####.....## ## ....#...##
#.##.......##...###.
##'####..#####.###.....###.8..##.
##.#####.....#.##########....).#.
#.....##.....#...[.............'.
#.....##.....####.#######.[.####.
#......#.##### #.# #........
#......#..# ###.# #........
##...#.##.# #...# #........


There were no monsters in sight!

Vanquished Creatures
  Norris (Vaults:1)
  A tentacled monstrosity (Vaults:5)
  A lich (Depths:1)
  3 deep elf blademasters (Elf:3)
  Asterion (Vaults:3)
  4 sphinxes
  A deep elf master archer (Elf:3)
  Gastronok (D:10)
  A titan (Vaults:5)
  Frances (Elf:1)
  Polyphemus (Shoals:2)
  A tengu reaver (Vaults:4)
  Kirke (D:14)
  A revenant (Vaults:2)
  A shadow dragon (Vaults:4)
  Aizul (Shoals:1)
  5 nagarajas
  17 vault wardens
  9 deep elf sorcerers
  A frost giant (Shoals:3)
  3 imperial myrmidons (Desolation)
  An orc warlord (Vaults:3)
  A balrug (Depths:1)
  4 deep elf elementalists (Elf:3)
  11 ironbound thunderhulks
  A quicksilver ooze (shapeshifter) (Elf:3)
  5 stone giants
  A formless jellyfish (Vaults:4)
  A war gargoyle (Vaults:1)
  10 very ugly things
  19 ironbound preservers
  Nessos (D:12)
  A vampire knight (Vaults:2)
  3 deep elf demonologists (Elf:3)
  11 deep elf annihilators
  3 minotaurs
  11 dire elephants
  A crystal guardian (Desolation)
  2 ettins
  4 deep elf death magi
  Snorg (D:14)
  6 entropy weavers
  3 merfolk impalers
  7 ragged hierophants (Desolation)
  4 ice dragons
  7 deep elf high priests (Elf:3)
  2 fire dragons (Depths:1)
  A great orb of eyes (Vaults:1)
  17 yaktaur captains
  10 servants of whispers (Desolation)
  7 salamander tyrants
  An alligator snapping turtle (Shoals:4)
  2 ogre magi (Orc:2)
  A rakshasa (Depths:1)
  A merfolk aquamancer (Shoals:1)
  2 merfolk avatars
  12 peacekeepers
  8 ironbound frosthearts
  50 vault guards
  5 hydras
  13 two-headed ogres
  10 anacondas
  A boulder beetle (shapeshifter) (Vaults:3)
  8 dancing weapons
  A ghost crab (Gauntlet)
  2 death knights
  4 tengu warriors
  2 boulder beetles
  10 satyrs
  2 death yaks (Shoals:2)
  5 catoblepae
  6 centaur warriors
  4 deep troll shamans
  15 naga warriors
  3 deep troll earth magi (Depths:1)
  3 thrashing horrors (Lair:5)
  12 naga sharpshooters
  2 hell knights
  An orc high priest (Orc:1)
  3 shock serpents
  A spriggan berserker (Depths:1)
  19 deep elf knights
  4 sun demons
  7 skysharks
  2 soul eaters (Depths:1)
  6 iron trolls (Depths:1)
  19 salamander mystics
  A sixfirhy (Gauntlet)
  3 skeletal warriors (D:15)
  4 naga ritualists (Snake:4)
  42 deep trolls
  9 sea snakes
  3 glowing orange brains
  4 wizards
  A shadow dragon zombie (Vaults:1)
  18 deep elf archers
  11 lindwurms
  A phantasmal warrior (Vaults:5)
  23 harpies
  22 deep elf pyromancers
  24 ironbound convokers
  2 necromancers
  9 mana vipers
  3 oklob plants
  4 orc sorcerers
  A wolf spider (Vaults:5)
  11 cyclopes
  A fire giant zombie (Depths:1)
  32 ugly things
  34 deep elf zephyrmancers
  28 salamanders
  4 orc knights
  2 guardian serpents
  14 fauns
  19 elephants
  16 manticores
  6 merfolk sirens
  13 vault sentinels
  A molten gargoyle (Volcano)
  23 naga magi
  25 black mambas
  A gargoyle (D:12)
  3 water nymphs
  12 cane toads
  2 unseen horrors
  2 smoke demons (Depths:1)
  Psyche (D:10)
  A yaktaur (shapeshifter) (D:15)
  2 kobold demonologists (D:10)
  44 yaktaurs
  2 rime drakes
  5 komodo dragons
  A spriggan skeleton (Depths:1)
  22 merfolk
  12 trolls
  4 wind drakes
  4 polar bears
  A merfolk (shapeshifter) (Elf:3)
  Grinder (D:5)
  A raiju (Lair:5)
  A large abomination (Lair:5)
  70 saltlings (Desolation)
  A tarantella (Vaults:2)
  6 snapping turtles
  6 dream sheep
  21 blink frogs
  A jumping spider (shapeshifter) (D:13)
  A fire giant simulacrum (Vaults:1)
  9 small abominations (Lair:5)
  A spriggan zombie (Depths:1)
  2 jumping spiders
  2 spriggans (Lair:5)
  A shadow (D:11)
  27 slime creatures
  9 water elementals
  Sigmund (D:5)
  3 wraiths
  A culicivora (Vaults:1)
  3 wyverns
  44 yaks
  A vampire (D:10)
  4 air elementals
  A fire elemental (Elf:1)
  3 ynoxinuls (Lair:5)
  5 fire bats (Volcano)
  8 basilisks
  3 hogs
  9 vampire mosquitoes
  Grum (D:8)
  10 redbacks
  A spriggan simulacrum (Depths:1)
  3 chaos spawn (Lair:5)
  2 steam dragons
  32 nagas
  A swamp worm (shapeshifter) (Lair:5)
  Edmund (D:6)
  2 acid dragons
  21 water moccasins
  2 floating eyes
  3 ice beasts
  A swamp drake (Orc:1)
  22 orc warriors
  A sky beast (D:8)
  4 black bears
  A human zombie (Vaults:1)
  19 ogres
  4 boggarts (Vaults:1)
  15 wolves
  6 centaurs
  3 gnoll sergeants
  6 kobold brigands
  14 bullfrogs
  2 scorpions
  2 earth elementals (Elf:3)
  9 wights
  8 killer bees (D:9)
  3 howler monkeys (D:7)
  3 electric eels
  6 lava snakes (Volcano)
  A bullfrog zombie (D:5)
  A crimson imp (Orc:1)
  A gnoll bouda (D:6)
  4 hounds
  13 orc priests
  2 jellies
  An iron imp (Orc:1)
  4 bullfrog skeletons (D:5)
  2 sleepcaps
  25 orc wizards
  A scorpion zombie (D:5)
  A killer bee zombie (D:5)
  19 gnolls
  5 adders
  A shadow imp (Orc:1)
  A white imp (Orc:1)
  4 ufetubi
  An adder zombie (D:5)
  A worm (D:4)
  5 dart slugs
  78 orcs
  9 bats
  9 endoplasms
  3 giant cockroaches
  4 hobgoblins
  3 jackals (D:2)
  30 kobolds
  4 quokkas
  8 ball pythons
  6 frilled lizards
  8 goblins
  6 rats
  A butterfly (Lair:3)
1708 creatures vanquished.

Vanquished Creatures (collateral kills)
  7 foxfires
7 creatures vanquished.

Vanquished Creatures (others)
  A merfolk aquamancer (Shoals:2)
  An iron troll (Depths:1)
  A deep elf zephyrmancer (Elf:1)
  A black mamba (Snake:1)
  455 foxfires
459 creatures vanquished.

Grand Total: 2174 creatures vanquished

Notes
Turn   | Place    | Note
-------+----------+-------------------------------------------
     0 | D:1      | freelancePsychic the Demigod Fire Elementalist began the
                  | quest for the Orb.
     0 | D:1      | Reached XP level 1. HP: 14/14 MP: 5/5
   323 | D:1      | Reached XP level 2. HP: 22/22 MP: 4/7
   326 | D:1      | Learned a level 2 spell: Scorch
  1490 | D:2      | Reached XP level 3. HP: 27/27 MP: 3/9
  2675 | D:2      | Reached skill level 1 in Fighting
  2721 | D:2      | Identified a scroll of acquirement
  2722 | D:2      | Acquired a book of Fire
  3144 | D:3      | Reached XP level 4. HP: 35/35 MP: 6/10
  3324 | D:3      | Noticed an ice beast
  3338 | D:3      | Killed an ice beast
  3339 | D:3      | Reached XP level 5. HP: 40/40 MP: 0/12
  4254 | D:4      | Identified the scarf of Anaesthesia {shadows, rC+ Will+
                  | Int-4}
  4420 | D:5      | Entered Level 5 of the Dungeon
  4450 | D:4      | Learned a level 3 spell: Inner Flame
  4522 | D:5      | Noticed a black bear
  4528 | D:5      | Killed a black bear
  4529 | D:5      | Reached XP level 6. HP: 48/48 MP: 5/14
  4657 | D:5      | Noticed Grinder
  4762 | D:5      | Paralysed by Grinder for 2 turns
  4763 | D:5      | Killed Grinder
  4764 | D:5      | Reached skill level 1 in Hexes
  4764 | D:5      | Reached XP level 7. HP: 56/56 MP: 9/16
  4896 | D:5      | Reached skill level 5 in Fire Magic
  5335 | D:5      | Noticed Sigmund
  5339 | D:5      | Killed Sigmund
  5423 | D:5      | Noticed a wraith
  5663 | D:5      | Reached XP level 8. HP: 63/63 MP: 12/18
  5793 | D:5      | Reached skill level 5 in Spellcasting
  6363 | D:6      | Found a staircase to the Ecumenical Temple.
  6582 | D:6      | Noticed Edmund
  6587 | D:6      | Killed Edmund
  7155 | D:6      | Noticed a slime creature
  7160 | D:6      | Noticed a slime creature
  7687 | D:7      | Reached XP level 9. HP: 62/71 MP: 16/21
  7932 | D:7      | Reached skill level 1 in Air Magic
  8338 | D:7      | Reached skill level 2 in Air Magic
  8553 | D:7      | Reached skill level 5 in Fighting
  9125 | D:8      | Reached skill level 3 in Air Magic
  9130 | D:8      | Noticed Grum
  9186 | D:8      | Killed Grum
 10251 | D:9      | Reached XP level 10. HP: 76/83 MP: 17/22
 10270 | D:9      | Gained mutation: Your body sometimes deteriorates upon
                  | taking damage. [potion of mutation]
 10270 | D:9      | Gained mutation: You occasionally lose the ability to drink
                  | potions when taking damage. [potion of mutation]
 10270 | D:9      | Gained mutation: You have a pair of small antennae on your
                  | head. [potion of mutation]
 10455 | D:8      | Lost mutation: You occasionally lose the ability to drink
                  | potions when taking damage. [potion of mutation]
 10455 | D:8      | Lost mutation: Your body sometimes deteriorates upon taking
                  | damage. [potion of mutation]
 10455 | D:8      | Lost mutation: You have a pair of small antennae on your
                  | head. [potion of mutation]
 10455 | D:8      | Gained mutation: Armour fits poorly on your strangely
                  | shaped body. [potion of mutation]
 10455 | D:8      | Gained mutation: You have a pair of small horns on your
                  | head. [potion of mutation]
 10455 | D:8      | Gained mutation: You passively dampen the noise of your
                  | surroundings. [potion of mutation]
 10456 | D:8      | Lost mutation: You passively dampen the noise of your
                  | surroundings. [potion of mutation]
 10456 | D:8      | Lost mutation: You have a pair of small horns on your head.
                  | [potion of mutation]
 10456 | D:8      | Lost mutation: Armour fits poorly on your strangely shaped
                  | body. [potion of mutation]
 10456 | D:8      | Gained mutation: You are somewhat resistant to further
                  | mutation. [potion of mutation]
 10620 | D:9      | Reached skill level 4 in Air Magic
 10959 | D:10     | Entered Level 10 of the Dungeon
 10992 | D:10     | Noticed a two-headed ogre
 10999 | D:10     | Killed a two-headed ogre
 11131 | D:10     | Noticed Gastronok
 11177 | D:10     | Killed Gastronok
 11178 | D:10     | Reached skill level 10 in Fire Magic
 11178 | D:10     | Reached skill level 5 in Air Magic
 11470 | D:10     | Noticed Psyche
 11482 | D:10     | Killed Psyche
 12179 | D:11     | Noticed a centaur warrior
 12701 | D:10     | Learned a level 6 spell: Plasma Beam
 12712 | D:11     | Noticed a cyclops
 12715 | D:11     | Killed a cyclops
 12936 | D:10     | Noticed a rust devil
 12942 | D:10     | HP: 3/86 [spore (11)]
 12943 | D:10     | Reached skill level 1 in Shields
 12943 | D:10     | Reached XP level 11. HP: 3/92 MP: 19/24
 13628 | D:11     | Killed a centaur warrior
 13629 | D:11     | Reached skill level 6 in Air Magic
 13768 | D:11     | Found a staircase to the Lair.
 14598 | Lair:1   | Entered Level 1 of the Lair of Beasts
 14893 | Lair:1   | Noticed a catoblepas
 14931 | Lair:1   | Killed a catoblepas
 15267 | Lair:1   | Paralysed by a floating eye for 4 turns
 15283 | Lair:1   | Reached skill level 7 in Air Magic
 15567 | Lair:1   | Paralysed by a floating eye for 2 turns
 16397 | Lair:1   | Noticed a catoblepas
 16405 | Lair:1   | Killed a catoblepas
 16729 | Lair:2   | Found a staircase to the Shoals.
 16729 | Lair:2   | Noticed a harpy
 16729 | Lair:2   | Noticed a harpy
 16750 | Lair:2   | Killed a harpy
 16781 | Lair:2   | Reached XP level 12. HP: 57/103 MP: 22/25
 16990 | Lair:2   | Found a gate leading to a gauntlet.
 17003 | Gauntlet | Entered a Gauntlet
 17003 | Gauntlet | Found a transporter.
 17003 | Gauntlet | Found a transporter.
 17003 | Gauntlet | Found a runed translucent gate.
 17088 | Gauntlet | Found a runed translucent gate.
 17089 | Gauntlet | Found a runed translucent gate.
 17092 | Gauntlet | Found a transporter.
 17104 | Gauntlet | Found a transporter.
 17122 | Gauntlet | Found a transporter.
 17122 | Gauntlet | Found a transporter.
 17122 | Gauntlet | Found a transporter.
 17124 | Gauntlet | Found a transporter.
 17124 | Gauntlet | Found a transporter.
 17144 | Gauntlet | Found a transporter.
 17145 | Gauntlet | Found the +7 captain's cutlass {speed, disarm}
 17152 | Gauntlet | Found a transporter.
 17165 | Gauntlet | Noticed a catoblepas
 17167 | Gauntlet | Found a transporter.
 17170 | Gauntlet | Found a transporter.
 17193 | Gauntlet | Noticed a ghost crab
 17201 | Gauntlet | Found a transporter.
 17365 | Gauntlet | Killed a ghost crab
 17366 | Gauntlet | Reached skill level 8 in Air Magic
 17500 | Gauntlet | Identified the +2 hat "Dishryt" {Str+3 Int-3 SInv}
 17577 | Gauntlet | Noticed a minotaur
 17599 | Gauntlet | Killed a minotaur
 17833 | Lair:2   | Learned a level 4 spell: Flame Wave
 18259 | Lair:2   | Found a staircase to the Snake Pit.
 19403 | Lair:3   | Reached skill level 9 in Air Magic
 21760 | Lair:4   | Reached XP level 13. HP: 113/113 MP: 19/27
 22255 | Lair:4   | Reached skill level 5 in Shields
 23159 | Lair:4   | Reached skill level 10 in Air Magic
 24579 | Lair:5   | Entered Level 5 of the Lair of Beasts
 25401 | Lair:5   | Found a staircase to the Slime Pits.
 26120 | Lair:5   | Reached skill level 11 in Air Magic
 26842 | Lair:5   | Found a one-way gate to the infinite horrors of the Abyss.
 27636 | Lair:5   | Reached XP level 14. HP: 119/119 MP: 12/31
 27910 | Lair:5   | Identified the +10 chain mail "Sasixt" {rN+++}
 28255 | D:12     | Identified the +0 great sword "Nestrer" {flame, rElec rF+
                  | Str-4 Dex+4}
 28283 | D:12     | Reached skill level 12 in Air Magic
 28324 | D:12     | Noticed Nessos
 28326 | D:12     | Killed Nessos
 28603 | D:12     | Found a staircase to the Orcish Mines.
 28605 | D:12     | Found Wozxys Zops's Weapon Shop.
 30123 | D:13     | Found a gate to the Vaults.
 30126 | D:13     | Reached skill level 13 in Air Magic
 30126 | D:13     | Reached skill level 5 in Dodging
 30129 | D:13     | Reached skill level 10 in Fighting
 30730 | D:14     | Reached skill level 1 in Staves
 30730 | D:14     | Reached skill level 1 in Evocations
 31000 | D:14     | Noticed Snorg
 31109 | D:14     | Noticed Kirke
 31221 | D:14     | Killed Snorg
 31409 | D:14     | Found a runed translucent gate.
 31409 | D:14     | Found a runed translucent gate.
 31409 | D:14     | Found a runed translucent gate.
 31409 | D:14     | Noticed DocEon's ghost (journeyman MiBe)
 31529 | D:14     | Killed Kirke
 32340 | D:15     | Entered Level 15 of the Dungeon
 33231 | D:15     | Reached XP level 15. HP: 122/130 MP: 2/32
 33648 | D:15     | Found Nori's Demolitions Depot.
 33669 | D:15     | Bought a manual of Conjurations for 1440 gold pieces
 33702 | D:15     | Reached skill level 1 in Conjurations
 34020 | D:15     | Found a staircase to the Depths.
 34051 | D:15     | Learned a level 5 spell: Irradiate
 34125 | Orc:1    | Entered Level 1 of the Orcish Mines
 34248 | Orc:1    | Found a dark tunnel.
 34253 | Volcano  | Entered a volcano
 36308 | Orc:2    | Entered Level 2 of the Orcish Mines
 36308 | Orc:2    | Found Caissiw's Magic Scroll Shoppe.
 36452 | Orc:2    | Found Aha Weed's Weapon Shop.
 36452 | Orc:2    | Found Unteotych's Armour Emporium.
 36595 | Orc:2    | Found Dipetz's Antique Armour Shoppe.
 37604 | Orc:2    | Found Ixzeaway's Weapon Shoppe.
 37611 | Orc:2    | Found Reupn's Jewellery Shoppe.
 37616 | Orc:2    | Found Mupil's Book Shoppe.
 37741 | Orc:2    | Found a transporter.
 37741 | Orc:2    | Found Jetousagg's Antique Weapon Emporium.
 37819 | Orc:2    | Found a staircase to the Elven Halls.
 37867 | Orc:2    | Found a transporter.
 38017 | Orc:2    | Found Paacud's Weapon Boutique.
 38262 | Snake:1  | Entered Level 1 of the Snake Pit
 38646 | Lair:2   | Reached skill level 1 in Transmutations
 39872 | Snake:2  | Reached skill level 5 in Conjurations
 40651 | Snake:2  | Noticed a nagaraja
 40660 | Snake:2  | Killed a nagaraja
 42195 | Snake:3  | Reached XP level 16. HP: 141/141 MP: 14/33
 43393 | Snake:3  | Got a peculiar book
 43526 | Snake:3  | Reached skill level 5 in Transmutations
 44065 | Snake:3  | Identified the ring of Arrival {rPois rF+ Will- EV+5
                  | Slay+2}
 44634 | Snake:4  | Entered Level 4 of the Snake Pit
 44639 | Snake:4  | Reached skill level 10 in Dodging
 45729 | Snake:4  | Found Oruwkaj's Weapon Shoppe.
 47522 | Snake:4  | Reached skill level 10 in Conjurations
 49272 | Snake:4  | Reached XP level 17. HP: 151/151 MP: 29/35
 49382 | Snake:4  | Got a serpentine rune of Zot
 49596 | Shoals:1 | Entered Level 1 of the Shoals
 49815 | Shoals:1 | Noticed Roxanne
 50259 | Shoals:1 | Noticed Aizul
 50266 | Shoals:1 | Killed Aizul
 51172 | Shoals:1 | Reached skill level 14 in Air Magic
 51982 | Shoals:2 | Reached skill level 1 in Armour
 52499 | Shoals:2 | Noticed Polyphemus
 52505 | Shoals:2 | Killed Polyphemus
 53736 | Shoals:3 | Noticed a titan
 54591 | Shoals:4 | Entered Level 4 of the Shoals
 54850 | Shoals:3 | Learned a level 8 spell: Maxwell's Capacitive Coupling
 55002 | Shoals:4 | Reached skill level 15 in Air Magic
 56403 | Shoals:4 | Got a barnacled rune of Zot
 56562 | Shoals:4 | Learned a level 5 spell: Arcjolt
 56893 | Elf:1    | Entered Level 1 of the Elven Halls
 57372 | Elf:1    | Noticed Frances
 57374 | Elf:1    | Killed Frances
 57375 | Elf:1    | Reached XP level 18. HP: 161/161 MP: 32/36
 57494 | Elf:1    | Reached skill level 5 in Armour
 58009 | Elf:1    | Reached skill level 16 in Air Magic
 58373 | Elf:1    | Got a disorganized book
 58894 | Elf:2    | Reached skill level 15 in Fighting
 58898 | Elf:2    | Paralysed by an air elemental for 1 turns
 59510 | Elf:2    | Identified the +1 ring mail "Giqihuid" {rF- Will++ Regen+
                  | Stlth+}
 59914 | Elf:2    | Found a huge runed translucent gate.
 59914 | Elf:2    | Found a huge runed translucent gate.
 59914 | Elf:2    | Found a huge runed translucent gate.
 59914 | Elf:2    | Found a huge runed translucent gate.
 59914 | Elf:2    | Found a huge runed translucent gate.
 60277 | Elf:3    | Entered Level 3 of the Elven Halls
 60452 | Elf:3    | Paralysed by an air elemental for 1 turns
 60456 | Elf:3    | Paralysed by an air elemental for 1 turns
 60948 | Elf:3    | Reached skill level 17 in Air Magic
 60948 | Elf:3    | Identified the ring of the Queen {rElec rN+ MP-9 Str+4
                  | SInv}
 61750 | Elf:3    | Identified the ring "Junaxo" {rC++ rN+++ rCorr Dex-2}
 62131 | Elf:3    | Identified the +3 flail "Vurriure" {speed, SInv}
 62372 | Elf:3    | Reached XP level 19. HP: 172/172 MP: 37/37
 62594 | Elf:3    | Identified the +0 robe of Jigsaw {Dex+2}
 62772 | Elf:3    | Identified the staff "Hydraslayer" {rPois Will+ Str+3
                  | Poison}
 62775 | Elf:3    | Identified the +0 chain mail of the Sea {rCorr Int+3 Dex-5}
 62780 | Elf:3    | Identified the staff "Neally" {rElec rN+ Air}
 62791 | Elf:3    | Identified the +1 pair of boots "Nakhab" {Int+2 Stlth+}
 62804 | Elf:3    | Identified the staff of the Neverending Tales {rElec rC+
                  | Air}
 62839 | Elf:3    | Found the +8 storm bow {elec, penet}
 62859 | Elf:3    | Found the +11 plutonium sword {Contam Stlth-}
 62866 | Elf:3    | Identified the staff "Efiruede" {Fly rC+ rN+ Str+3 Dex+2
                  | Ice}
 63117 | Vaults:1 | Entered Level 1 of the Vaults
 63147 | Vaults:1 | You fall into a shaft and drop 1 floor!
 63327 | Vaults:1 | Found a crumbling gateway.
 63372 | Desolati | Entered the Desolation of Salt
 63448 | Desolati | Identified the +4 ring mail of Mocuh {Rampage rPois rC-
                  | Slay+3}
 63783 | Desolati | Reached skill level 5 in Evocations
 63917 | Desolati | Got a clothbound book
 63953 | Desolati | Reached skill level 18 in Air Magic
 63974 | Desolati | Got a strange book
 64766 | Desolati | Identified the +0 scale mail of the Valley of Death {-Cast
                  | Will++ Dex+2}
 64930 | Desolati | Identified the staff "Nyos" {*Slow Str+6 Conj}
 64933 | Desolati | Identified the ring "Sohuy" {Fly rElec rF- Str+8 Stlth-}
 64984 | Desolati | Identified the ring "Evucsus" {rPois rF++ rCorr MP+9 Dex-2}
 65251 | Desolati | Got a murmuring book
 65311 | Desolati | Identified the amulet "Vacicuok" {Reflect SH+5 Stlth+}
 65599 | Vaults:1 | Noticed Norris
 65604 | Vaults:1 | Killed Norris
 66802 | Vaults:1 | Found Dycataec's Armour Shop.
 67591 | Vaults:1 | Found a portal to a secret trove of treasure.
 67895 | Vaults:2 | Found Zuppoj's General Store.
 67910 | Vaults:2 | Bought a potion of invisibility for 160 gold pieces
 67910 | Vaults:2 | Bought a potion of ambrosia for 160 gold pieces
 68125 | Vaults:2 | Reached skill level 19 in Air Magic
 68407 | Vaults:2 | Found a staircase to the Crypt.
 68750 | Vaults:2 | Reached XP level 20. HP: 182/182 MP: 34/38
 69326 | Vaults:2 | Reached skill level 10 in Armour
 71876 | Vaults:3 | Noticed Asterion
 71885 | Vaults:3 | Killed Asterion
 72121 | Vaults:3 | Reached skill level 20 in Air Magic
 74113 | Vaults:4 | Found Quny's Armour Shoppe.
 74115 | Vaults:4 | Got a strange book
 74144 | Vaults:4 | Reached skill level 21 in Air Magic
 74145 | Vaults:4 | Reached XP level 21. HP: 109/192 MP: 37/39
 75268 | Vaults:5 | Entered Level 5 of the Vaults
 75278 | Vaults:5 | Noticed a golden dragon
 75720 | Depths:1 | Entered Level 1 of the Depths
 76441 | Depths:1 | Reached skill level 22 in Air Magic
 77187 | Orc:2    | Bought a scroll of enchant armour for 82 gold pieces
 77300 | D:15     | HP: 5/191 [something (29)]
 77301 | D:15     | Mangled by a vampire knight

Illustrated notes

Levels and vault maps discovered:
D:1:      ncdulo_smallfort, layout_basic, hellmonk_ecumenical_altar_run_dry
D:2:      layout_basic, basic_altar
D:3:      layout_rooms, nicolae_wu_jian_immortal_techniques,
          mainiacjoe_overflow_concentric_impassable, minmay_quantized
D:4:      layout_rooms
D:5:      layout_rooms, kennysheep_mini, kennysheep_okawaru_gauntlet,
          serial_undead, serial_undead_d, serial_undead_c, serial_undead_a,
          serial_undead_f, serial_undead_b, serial_undead_b, uniq_sigmund,
          uniq_grinder
D:6:      cheibrodos_fertilizer, layout_rooms, mainiacjoe_overflow_brackets,
          minmay_temple_entry_grid, uniq_edmund
D:7:      layout_loops_corners, mainiacjoe_overflow_chevrons,
          grunt_temple_overflow_open, lightli_orcish_oven
D:8:      layout_basic, mainiacjoe_overflow_tiny_flanked, uniq_grum
D:9:      layout_cave_pools, lemuel_round_altar, serial_glass, glass_columns_a,
          glass_columns_a
D:10:     layout_long_grid, nicolae_uskayaw_dance_hall, uniq_gastronok,
          uniq_psyche
D:11:     layout_irregular_city, due_lair_maze_entry_diamond
D:12:     layout_irregular_city, orc_david_3, amcnicky_mini_corridor_feature,
          uniq_nessos
D:13:     layout_irregular_city, lightli_vaults_fourway_checkpoint
D:14:     layout_rooms, gammafunk_ghost_hydra_chop, uniq_kirke, uniq_snorg
D:15:     grunt_enter_depths_hoard, layout_basic, nicolae_titane,
          nicolae_blasting_shop, grunt_qazlal_clouds
Lair:1:   layout_loops_ring, serial_rivers, chequers_serial_rivers_small_b,
          chequers_serial_rivers_small_a, chequers_serial_rivers_micro_c,
          chequers_serial_rivers_micro_d, chequers_serial_rivers_small_b,
          chequers_serial_rivers_large_b, disabler_island
Lair:2:   layout_chaotic_city, nicolae_shoals_entry_roost,
          guppyfry_snake_entry_island, gauntlet_entry_generic,
          cheibrodos_lair_lostbears
Lair:3:   layout_regular_city, lemuel_fruit_fields
Lair:4:   layout_cave_pods, minmay_shattered_shrine, grunt_megastairs_1
Lair:5:   hellmonk_lair_end_abyssal_woods, layout_cave_pods,
          minmay_slime_entry_oklob_enclosed, infiniplex_staircase_pool_2,
          wad_woods_river_01
Shoals:1: layout_shoals, nzn_prometheus_bound, uniq_aizul, uniq_roxanne
Shoals:2: layout_shoals, lemuel_oklob_altar, uniq_polyphemus
Shoals:3: cheibrodos_shoals_gigantism, layout_shoals
Shoals:4: shoals_end_hellmonk_lost_city, serial_shops
Snake:1:  layout_onion_interference
Snake:2:  layout_layer_cave, grunt_megastairs_2
Snake:3:  cheibrodos_snake_lava_hold, layout_cave_town
Snake:4:  snake_pit, layout_chambers, serial_shops, shop
Orc:1:    layout_caves, enter_volcano_4, hangedman_minor_magic
Orc:2:    st_orc_open, layout_caves, serial_shops, nicolae_shop_drivethru, shop,
          shop, nicolae_shop_back_alley_shop, shop
Elf:1:    minmay_elf_arrival_circle, layout_onion_city, minmay_elf_annihilation,
          uniq_frances
Elf:2:    elven_hall_of_blades_hangedman_alternative [nicolae_blade_bullseye],
          layout_gridlike
Elf:3:    minmay_elf_hall_hex, layout_geoelf_castle, hex_intersection,
          statue_in_the_mist_lemuel
Vaults:1: portal_desolation_entry_twin_temple, grunt_vaults_bifocal,
          nicolae_vaults_door_testing_chamber, nicolae_vaults_network_square,
          vaults_mumra_minichess, nicolae_vaults_sealed_display, st_cross,
          ontoclasm_vaults_chip, vaults_dpeg_hooks, v_misc_11,
          nicolae_vaults_little_squares_6, v_misc_8, vaults_room_stairs_pillars,
          layout_vaults_omnibox, serial_shops, nicolae_shop_waterfront,
          enter_trove_5, uniq_norris
Vaults:2: vaults_dpeg_emergency_exit, nicolae_vaults_arrows,
          minmay_crypt_entry_simple_plaza, v_alt_pattern_6,
          vaults_room_semicircle, hangedman_vaults_stagger,
          nicolae_vaults_wrenched, hangedman_vaults_slice,
          hangedman_vaults_snaps, nicolae_vaults_little_squares_5,
          layout_vaults_big_cross, serial_shops, shop_coins
Vaults:3: vaults_room_large_hall, nicolae_vaults_trapezoid_2,
          nicolae_vaults_yaktaur_gun_rack, nicolae_vaults_more_shelving_1,
          v_alt_pattern_2, nicolae_vaults_network_quinsquares
          [nicolae_vaults_network_quincunx_subvault,
          nicolae_vaults_network_quincunx_subvault,
          nicolae_vaults_network_quincunx_subvault,
          nicolae_vaults_network_quincunx_subvault], ontoclasm_vaults_shuriken,
          vaults_room_corners, nicolae_vaults_network_star,
          nicolae_vaults_holding_cells, v_misc_22, layout_vaults_maze,
          uniq_asterion
Vaults:4: vaults_room_door_ring, vaults_mumra_minichess_inversion, v_misc_23,
          nicolae_vaults_surprise_closet, nicolae_vaults_heist,
          vaults_room_stairs_pillars, v_misc_29,
          nicolae_vaults_diagonal_hallway_9, layout_vaults_omnigrid,
          serial_shops, shop
Vaults:5: serial_shops
Depths:1: layout_cave_pools, hellmouth_3,
          nicolae_concentric_dashed_squares_wild, abyss_entry, grunt_decor_cap,
          led_sif_pool

Skill      XL: |  1  2  3  4  5  6  7  8  9 10 11 12 13 14 15 16 17 18 19 20 21 |
---------------+----------------------------------------------------------------+-----
Spellcasting   | 2 3 4 6 8 9 |  9.0
Fire Magic     | 3 4 5 7 9 10 11 12 13 | 13.0
Stealth        | 2 3 |  3.7
Fighting       | 1 2 3 4 5 7 8 9 11 12 13 14 15 16 17 18 | 18.2
Hexes          | 1 2 3 |  3.5
Air Magic      | 3 5 7 9 11 13 15 17 19 21 22 | 22.1
Shields        | 1 4 6 |  6.0
Dodging        | 2 4 7 9 11 12 | 12.0
Staves         | 2 4 |  4.4
Evocations     | 2 4 7 |  7.9
Conjurations   | 6 10 12 13 | 13.2
Transmutations | 4 6 |  6.0
Armour         | 4 7 9 11 12 | 12.4

Action                     |  1- 3 |  4- 6 |  7- 9 | 10-12 | 13-15 | 16-18 | 19-21 || total
---------------------------+-------+-------+-------+-------+-------+-------+-------++-------
  Melee: Dagger            |     2 |       |       |       |       |       |       ||     2
         Short sword       |       |     3 |    51 |     3 |       |       |       ||    57
         Punch             |       |       |     1 |       |       |       |       ||     1
         Whip              |       |       |       |    30 |       |       |       ||    30
         Staff             |       |       |       |    23 |   104 |   121 |   385 ||   633
   Cast: Foxfire           |    56 |    41 |    63 |    67 |    40 |       |       ||   267
         Scorch            |    24 |    35 |   127 |   146 |    60 |     9 |       ||   401
         Inner Flame       |       |     1 |    70 |    98 |    12 |       |       ||   181
         Plasma Beam       |       |       |       |    57 |   376 |   547 |   198 ||  1178
         Flame Wave        |       |       |       |     2 |    30 |     2 |       ||    34
         Irradiate         |       |       |       |       |     1 |    32 |    48 ||    81
         Arcjolt           |       |       |       |       |       |    23 |   125 ||   148
         Maxwell's Capacit |       |       |       |       |       |    11 |    60 ||    71
  Evoke: Wand              |       |       |       |    11 |     4 |     9 |     6 ||    30
         Lightning rod     |       |       |       |     3 |     6 |     3 |       ||    12
    Use: Scroll            |     4 |     3 |    10 |    12 |    10 |    16 |     9 ||    64
         Potion            |       |       |     2 |    15 |     4 |     9 |     4 ||    34
   Stab: Sleeping          |       |     1 |     3 |       |       |       |     5 ||     9
         Distracted        |       |       |       |       |       |     1 |     2 ||     3
 Armour: Robe              |     3 |       |       |       |       |       |       ||     3
         Leather armour    |    24 |    18 |   120 |   271 |   270 |   243 |   475 ||  1421
         Skin              |       |       |       |    19 |     9 |       |       ||    28
         Troll leather arm |       |       |       |       |       |       |     8 ||     8
  Dodge: Dodged            |    25 |    11 |    74 |    96 |   227 |   236 |   507 ||  1176
  Block: Buckler           |       |       |       |    44 |   135 |   108 |   389 ||   676
         Reflection        |       |       |       |       |       |       |    34 ||    34

Table legend: (Time is in decaauts)
 A = Elapsed time spent in this place.
 B = Non-inter-level travel time spent in this place.
 C = Inter-level travel time spent in this place.
 D = Time resting spent in this place.
 E = Time spent auto-exploring this place.
 F = Levels seen in this place.
 G = Mean time per level.
                   A        B        C        D        E       F      G
               +--------+--------+--------+--------+--------+-----+--------+
         Total |  77798 |  74947 |   2851 |  14532 |  51423 |  42 | 1852.3 |
       Dungeon |  22280 |  21219 |   1061 |   3449 |  15181 |  15 | 1485.3 |
          Lair |  14570 |  14058 |    512 |   3005 |   9477 |   5 | 2914.0 |
        Shoals |   7013 |   6834 |    179 |   2128 |   3997 |   4 | 1753.2 |
     Snake Pit |  10172 |   9960 |    212 |   3327 |   5682 |   4 | 2543.0 |
  Orcish Mines |   3732 |   3444 |    288 |   1436 |   1678 |   2 | 1866.0 |
   Elven Halls |   5788 |   5599 |    189 |    448 |   4418 |   3 | 1929.3 |
        Vaults |  10323 |   9919 |    404 |    672 |   8050 |   5 | 2064.6 |
        Depths |    109 |    107 |      2 |      0 |      9 |   1 |  109.0 |
       Volcano |    769 |    769 |      0 |      0 |    659 |   1 |  769.0 |
    Desolation |   2213 |   2213 |      0 |      5 |   1696 |   1 | 2213.0 |
      Gauntlet |    824 |    824 |      0 |     62 |    575 |   1 |  824.0 |
               +--------+--------+--------+--------+--------+-----+--------+

Top non-repeatable levels by time:
 Snake:3: 4441 daAuts
  Lair:2: 4116 daAuts
  Lair:4: 3488 daAuts
  Lair:5: 2959 daAuts
    D:15: 2902 daAuts
Vaults:1: 2882 daAuts
 Snake:4: 2751 daAuts
Vaults:4: 2731 daAuts
   Elf:3: 2580 daAuts
Shoals:1: 2556 daAuts
   Orc:1: 2547 daAuts
Vaults:2: 2522 daAuts
Shoals:3: 2451 daAuts
    D:10: 2218 daAuts
Desolation: 2213 daAuts
